MLB
KANSAS CITY ROYALS @ CINCINNATI REDS
09/26/2018
 
TOP OF THE 1ST
Kansas City Royals batting - Pitching for Cincinnati Reds : RHP Chih-Wei Hu
Pitching: RHP Chih-Wei Hu
Batting: LHB Odubel Herrera 0-0: Ball
1-0: Ball
2-0: Called Strike
2-1: Ball
3-1: Foul Ball, location: 2F
3-2: Ground out 3-1 (Groundball, 34)
Batting: LHB Joe Mauer 0-0: Called Strike
0-1: Called Strike
0-2: Ball
1-2: Fly out, F5 (Popup, 5S)
Batting: RHB Nolan Arenado 0-0: Ball
1-0: Ball
2-0: Called Strike
2-1: Ball
3-1: Foul Ball, location: 2F
3-2: Fly out, F7 (Flyball, 7LSF)
Top of the 1st over - 0 runs, 0 hits, 0 errors, 0 left on base; Kansas City 0 - Cincinnati 0
BOTTOM OF THE 1ST
Cincinnati Reds batting - Pitching for Kansas City Royals : RHP Jordan Zimmermann
Pitching: RHP Jordan Zimmermann
Batting: LHB Dustin Fowler 0-0: Called Strike
0-1: Ball
1-1: Ball
2-1: Foul Ball, location: 2F
2-2: SINGLE (Groundball, 4MD)
Batting: SHB Adalberto Mondesi 0-0: Ball
1-0: Called Strike
1-1: Sac Bunt to 13 - play at first, batter OUT! 1-3
Dustin Fowler to second
Batting: LHB Scooter Gennett 0-0: Fly out, F8 (Line Drive, 8LD)
Batting: LHB Adrian Gonzalez 0-0: Ball
1-0: Called Strike
1-1: Ball
2-1: Foul Ball, location: 2F
2-2: DOUBLE (Line Drive, 7LM)
Dustin Fowler scores
Batting: LHB Colby Rasmus 0-0: Called Strike
0-1: Ball
1-1: Ball
2-1: Ball
3-1: Swinging Strike
3-2: Strikes out swinging
Bottom of the 1st over - 1 run, 2 hits, 0 errors, 1 left on base; Kansas City 0 - Cincinnati 1
TOP OF THE 2ND
Kansas City Royals batting - Pitching for Cincinnati Reds : RHP Chih-Wei Hu
Batting: LHB Lonnie Chisenhall 0-0: SOLO HOME RUN (Flyball, 7D), Distance : 382 ft
Batting: SHB Melky Cabrera 0-0: Ball
1-0: Called Strike
1-1: Ball
2-1: Ball
3-1: Foul Ball, location: 2F
3-2: Base on Balls
Batting: RHB Ian Kinsler 0-0: Called Strike
0-1: Called Strike
0-2: Ball
1-2: Ball
2-2: Foul Ball, location: 2F
2-2: Ball
3-2: Strikes out looking
Batting: SHB Jurickson Profar 0-0: Called Strike
0-1: Called Strike
0-2: Ball
1-2: Ball
2-2: Fly out, F8 (Flyball, 78D)
Batting: RHB Kevin Plawecki 0-0: Fly out, F4 (Popup, 13)
Top of the 2nd over - 1 run, 1 hit, 0 errors, 1 left on base; Kansas City 1 - Cincinnati 1
BOTTOM OF THE 2ND
Cincinnati Reds batting - Pitching for Kansas City Royals : RHP Jordan Zimmermann
Batting: LHB Joey Gallo 0-0: Ground out U3 (Groundball, 3)
Batting: RHB Devin Mesoraco 0-0: Ball
1-0: Foul Ball, location: 2F
1-1: Called Strike
1-2: Ball
2-2: SOLO HOME RUN (Flyball, 7LD), Distance : 355 ft
Batting: RHB Allen Cordoba 0-0: Ball
1-0: Swinging Strike
1-1: SINGLE (Groundball, 56D)
Batting: RHB Chih-Wei Hu 0-0: Ball
1-0: SINGLE (Groundball, 6D)
Allen Cordoba to second
Batting: LHB Dustin Fowler 0-0: Swinging Strike
0-1: Called Strike
0-2: Strikes out swinging
Batting: SHB Adalberto Mondesi 0-0: Ball
1-0: Called Strike
1-1: Ball
2-1: Swinging Strike
2-2: Strikes out swinging
Bottom of the 2nd over - 1 run, 3 hits, 0 errors, 2 left on base; Kansas City 1 - Cincinnati 2
TOP OF THE 3RD
Kansas City Royals batting - Pitching for Cincinnati Reds : RHP Chih-Wei Hu
Batting: RHB Jordan Zimmermann 0-0: Called Strike
0-1: Foul Ball, location: 2F
0-2: Foul Ball, location: 2F
0-2: Ball
1-2: Ground out 4-3 (Groundball, 4)
Batting: LHB Odubel Herrera 0-0: Ball
1-0: Ball
2-0: Ground out 6-3 (Groundball, 6)
Batting: LHB Joe Mauer 0-0: Swinging Strike
0-1: Foul Ball, location: 2F
0-2: Fly out, F7 (Flyball, 7S)
Top of the 3rd over - 0 runs, 0 hits, 0 errors, 0 left on base; Kansas City 1 - Cincinnati 2
BOTTOM OF THE 3RD
Cincinnati Reds batting - Pitching for Kansas City Royals : RHP Jordan Zimmermann
Batting: LHB Scooter Gennett 0-0: Ground out 4-3 (Groundball, 34)
Batting: LHB Adrian Gonzalez 0-0: Called Strike
0-1: Called Strike
0-2: Ball
1-2: Strikes out looking
Batting: LHB Colby Rasmus 0-0: Ball
1-0: Called Strike
1-1: Foul Ball, location: 2F
1-2: Ball
2-2: Ball
3-2: Foul Ball, location: 2F
3-2: Strikes out swinging
Bottom of the 3rd over - 0 runs, 0 hits, 0 errors, 0 left on base; Kansas City 1 - Cincinnati 2
TOP OF THE 4TH
Kansas City Royals batting - Pitching for Cincinnati Reds : RHP Chih-Wei Hu
Batting: RHB Nolan Arenado 0-0: Ball
1-0: SINGLE (Groundball, 6MD)
Batting: LHB Lonnie Chisenhall 0-0: Foul Ball, location: 2F
0-1: Foul Ball, location: 2F
0-2: Ball
1-2: Fly out, F9 (Flyball, 89M)
Batting: SHB Melky Cabrera Pickoff Throw to First - Out! 1-3
0-0: Foul Ball, location: 2F
0-1: Foul Ball, location: 2F
0-2: Strikes out looking
Top of the 4th over - 0 runs, 1 hit, 0 errors, 0 left on base; Kansas City 1 - Cincinnati 2
BOTTOM OF THE 4TH
Cincinnati Reds batting - Pitching for Kansas City Royals : RHP Jordan Zimmermann
Batting: LHB Joey Gallo 0-0: Ball
1-0: Foul Ball, location: 2F
1-1: Fly out, F4 (Popup, 34S)
Batting: RHB Devin Mesoraco 0-0: Hit by Pitch
Batting: RHB Allen Cordoba 0-0: Ball
1-0: Ball
Passed Ball!
Devin Mesoraco to second
2-0: Foul Ball, location: 2F
2-1: Ball
3-1: Swinging Strike
3-2: Strikes out swinging
Batting: RHB Chih-Wei Hu 0-0: DOUBLE (Flyball, 8LD)
Devin Mesoraco scores
Batting: LHB Dustin Fowler 0-0: SINGLE (Groundball, 34S) (infield hit)
Chih-Wei Hu to third
Batting: SHB Adalberto Mondesi 0-0: Called Strike
0-1: Ball
1-1: Ball
2-1: Ground out 6-3 (Groundball, 6S)
Bottom of the 4th over - 1 run, 2 hits, 0 errors, 2 left on base; Kansas City 1 - Cincinnati 3
TOP OF THE 5TH
Kansas City Royals batting - Pitching for Cincinnati Reds : RHP Chih-Wei Hu
Batting: RHB Ian Kinsler 0-0: Ball
1-0: Called Strike
1-1: DOUBLE (Flyball, 78D)
Batting: SHB Jurickson Profar 0-0: Called Strike
0-1: Ball
1-1: Called Strike
1-2: Ball
2-2: Fly out, F8 (Flyball, 8RM)
Batting: RHB Kevin Plawecki 0-0: Called Strike
0-1: Ball
1-1: Swinging Strike
1-2: Ball
2-2: Ground out 6-3 (Groundball, 6S)
Ian Kinsler to third
Batting: RHB Jordan Zimmermann 0-0: Ball
1-0: Swinging Strike
1-1: Called Strike
1-2: Strikes out swinging
Top of the 5th over - 0 runs, 1 hit, 0 errors, 1 left on base; Kansas City 1 - Cincinnati 3
BOTTOM OF THE 5TH
Cincinnati Reds batting - Pitching for Kansas City Royals : RHP Jordan Zimmermann
Batting: LHB Scooter Gennett 0-0: Foul Ball, location: 2F
0-1: SINGLE (Groundball, 3D)
Batting: LHB Adrian Gonzalez 0-0: Swinging Strike
0-1: Swinging Strike
0-2: Strikes out swinging
Batting: LHB Colby Rasmus 0-0: Ball
1-0: Called Strike
1-1: Foul Ball, location: 2F
1-2: Fly out, F8 (Flyball, 89M)
Batting: LHB Joey Gallo 0-0: Ball
1-0: Ball
2-0: Fly out, F9 (Flyball, 89XD)
Bottom of the 5th over - 0 runs, 1 hit, 0 errors, 1 left on base; Kansas City 1 - Cincinnati 3
TOP OF THE 6TH
Kansas City Royals batting - Pitching for Cincinnati Reds : RHP Chih-Wei Hu
Batting: LHB Odubel Herrera 0-0: Swinging Strike
0-1: Ball
1-1: Ball
2-1: SINGLE (Line Drive, 8LS)
Batting: LHB Joe Mauer 0-0: Ball
1-0: Foul Ball, location: 2F
1-1: Foul Ball, location: 2F
1-2: Strikes out swinging
Batting: RHB Nolan Arenado 0-0: Called Strike
0-1: Ball
1-1: Swinging Strike
1-2: Ball
2-2: Ball
3-2: Fly out, F9 (Flyball, 89D)
Batting: LHB Lonnie Chisenhall 0-0: Ball
1-0: 2-RUN HOME RUN (Flyball, 78XD), Distance : 407 ft
Batting: SHB Melky Cabrera 0-0: Called Strike
0-1: SINGLE (Line Drive, 8LS)
Batting: RHB Ian Kinsler Pickoff Throw to First - Out! 1-3
Top of the 6th over - 2 runs, 3 hits, 0 errors, 0 left on base; Kansas City 3 - Cincinnati 3
BOTTOM OF THE 6TH
Cincinnati Reds batting - Pitching for Kansas City Royals : RHP Jordan Zimmermann
Batting: RHB Devin Mesoraco 0-0: Ball
1-0: Called Strike
1-1: Called Strike
1-2: Foul Ball, location: 2F
1-2: Strikes out swinging
Batting: RHB Allen Cordoba 0-0: Ball
1-0: Called Strike
1-1: Swinging Strike
1-2: Ball
2-2: Strikes out looking
Pinch Hitting: RHB Edwin Encarnacion 0-0: Ball
1-0: Swinging Strike
1-1: Swinging Strike
1-2: Strikes out looking
Bottom of the 6th over - 0 runs, 0 hits, 0 errors, 0 left on base; Kansas City 3 - Cincinnati 3
TOP OF THE 7TH
Kansas City Royals batting - Pitching for Cincinnati Reds : RHP Chih-Wei Hu
Pitching: RHP Raisel Iglesias
Batting: RHB Ian Kinsler 0-0: Ball
1-0: Foul Ball, location: 2F
1-1: Foul Ball, location: 2F
1-2: Strikes out looking
Batting: SHB Jurickson Profar 0-0: Ball
1-0: Foul Ball, location: 2F
1-1: Foul Ball, location: 2F
1-2: Ball
2-2: Ground out 5-3 (Groundball, 56)
Batting: RHB Kevin Plawecki 0-0: Called Strike
0-1: Ball
1-1: Ball
2-1: Called Strike
2-2: Strikes out looking
Top of the 7th over - 0 runs, 0 hits, 0 errors, 0 left on base; Kansas City 3 - Cincinnati 3
BOTTOM OF THE 7TH
Cincinnati Reds batting - Pitching for Kansas City Royals : RHP Jordan Zimmermann
Pitching: LHP Matt Strahm
Batting: LHB Dustin Fowler 0-0: Ground out 4-3 (Groundball, 34)
Batting: SHB Adalberto Mondesi 0-0: Swinging Strike
0-1: Ball
1-1: Called Strike
1-2: Foul Ball, location: 2F
1-2: Strikes out swinging
Batting: LHB Scooter Gennett 0-0: Ball
1-0: Ball
2-0: Ball
3-0: Called Strike
3-1: Called Strike
3-2: SINGLE (Line Drive, 7S)
Batting: LHB Adrian Gonzalez 0-0: Swinging Strike
0-1: Foul Ball, location: 2F
0-2: Ball
1-2: Ball
2-2: Strikes out swinging
Bottom of the 7th over - 0 runs, 1 hit, 0 errors, 1 left on base; Kansas City 3 - Cincinnati 3
TOP OF THE 8TH
Kansas City Royals batting - Pitching for Cincinnati Reds : RHP Raisel Iglesias
Pinch Hitting: LHB Luis Valbuena 0-0: Swinging Strike
0-1: Foul Ball, location: 2F
0-2: Ground out 4-3 (Groundball, 4)
Pitching: RHP Thyago Vieira
Batting: LHB Odubel Herrera 0-0: Ball
1-0: Ball
2-0: Called Strike
2-1: Ground out 6-3 (Groundball, 6)
Batting: LHB Joe Mauer 0-0: Foul Ball, location: 2F
0-1: Called Strike
0-2: Ball
1-2: Foul Ball, location: 2F
1-2: Foul Ball, location: 2F
1-2: Foul Ball, location: 2F
1-2: Fly out, F7 (Flyball, 7S)
Top of the 8th over - 0 runs, 0 hits, 0 errors, 0 left on base; Kansas City 3 - Cincinnati 3
BOTTOM OF THE 8TH
Cincinnati Reds batting - Pitching for Kansas City Royals : LHP Matt Strahm
Pitching: RHP Gregory Infante
Batting: LHB Colby Rasmus 0-0: Fly out, F9 (Flyball, 89D)
Batting: LHB Joey Gallo 0-0: Called Strike
0-1: Ball
1-1: Ball
2-1: Swinging Strike
2-2: Strikes out looking
Batting: RHB Devin Mesoraco 0-0: Foul Ball, location: 2F
0-1: Called Strike
0-2: Strikes out swinging
Bottom of the 8th over - 0 runs, 0 hits, 0 errors, 0 left on base; Kansas City 3 - Cincinnati 3
TOP OF THE 9TH
Kansas City Royals batting - Pitching for Cincinnati Reds : RHP Thyago Vieira
Batting: RHB Nolan Arenado 0-0: Ball
1-0: Ball
2-0: Foul Ball, location: 2F
2-1: Foul Ball, location: 2F
2-2: Foul Ball, location: 2F
2-2: Fly out, F5 (Popup, 5F)
Batting: LHB Lonnie Chisenhall 0-0: Foul Ball, location: 2F
0-1: Ball
1-1: Called Strike
1-2: Ball
2-2: Ball
3-2: Fly out, F7 (Flyball, 7LM)
Batting: SHB Melky Cabrera 0-0: Called Strike
0-1: Fly out, F1 (Line Drive, P)
Top of the 9th over - 0 runs, 0 hits, 0 errors, 0 left on base; Kansas City 3 - Cincinnati 3
BOTTOM OF THE 9TH
Cincinnati Reds batting - Pitching for Kansas City Royals : RHP Gregory Infante
Pinch Hitting: LHB Robinson Cano 0-0: Foul Ball, location: 2F
0-1: Ball
1-1: Ball
2-1: Ball
3-1: SINGLE (Line Drive, 9LS)
Pinch Runner at 1st Trea Turner:
Pinch Hitting: RHB Adam Duvall 0-0: Called Strike
0-1: Ball
1-1: Ball
2-1: Foul Ball, location: 2F
2-2: Ball
3-2: 2-RUN HOME RUN (Flyball, 7D), Distance : 367 ft
Friday, December 7th, 2018 - OOTP Baseball 19.10 Build 122